AoeStats
← jhonskull87

MegaRandom

508676484Analyzed
4v4 RM · 10d ago on Sep 23, 2026· 62m 48s· 8 players
Game mode
Random Map
Map size
Large (8 player)
Population
200
Speed
Normal
Resources
Standard
Victory
Conquest
Starting age
Dark Age
Ending age
Imperial Age
RankedLock teamsTeams togetherTeam positionsShared explorationLock speedFull tech treeHidden civsTurbo modeCheats
Victory
Defeat
🇳🇴 Bengalis · Norway
703
+12
🇹🇷 Bulgarians · Türkiye
673
+13
🇸🇮 Gurjaras · Slovenia
624
+15
🇲🇽 Huns · Mexico
609
+16
🇨🇱 Bulgarians · Chile
706
-19
🇲🇽 Byzantines · Mexico
668
-16
🇮🇳 Burgundians · India
543
-11
🇪🇸 Spanish · Spain
505
-10
TrolleBolIe
12:05 Feudal Age
12:47 Double-Bit Axe
22:44 Castle Age
22:01 Loom
25:34 Bow Saw
25:09 Horse Collar
28:53 Wheelbarrow
31:14 Hand Cart
30:45 Town Watch
32:40 Heavy Plow
37:11 Padded Archer Armor
39:31 Fletching
39:58 Leather Archer Armor
44:03 Imperial Age
41:40 Town Patrol
43:25 Ballistics
43:03 Bodkin Arrow
43:16 Caravan
47:07 Elite Elephant Archer
49:59 Ring Archer Armor
50:46 Bracer
51:50 Chemistry
50:56 Siege Engineers
54:50 Elite Skirmisher
59:41 Forging
59:38 Scale Barding Armor
QC FENIX
10:05 Loom
13:17 Feudal Age
14:45 Wheelbarrow
14:01 Double-Bit Axe
14:02 Horse Collar
14:09 Fishing Lines
17:28 Gold Mining
17:32 Stone Mining
23:54 Castle Age
25:37 Hand Cart
25:31 Scale Barding Armor
25:37 Forging
25:42 Bow Saw
26:12 Gold Shaft Mining
25:41 Heavy Plow
25:39 Gillnets
33:35 Marauders
37:26 Imperial Age
37:53 Coinage
37:24 Caravan
38:18 Capped Ram
38:48 Elite Tarkan
39:49 Conscription
39:49 Atheism
39:34 Husbandry
39:47 Bloodlines
40:05 Chain Barding Armor
40:21 Iron Casting
39:47 Padded Archer Armor
39:37 Fletching
39:39 Siege Ram
44:49 Plate Barding Armor
45:15 Blast Furnace
44:31 Leather Archer Armor
44:12 Bodkin Arrow
45:05 Parthian Tactics
44:01 Heavy Cavalry Archer
44:08 Heavy Cavalry Archer
49:40 Chemistry
49:00 Ballistics
48:51 Masonry
48:50 Bracer
50:02 Banking
49:43 Guilds
^LoZo^
9:54 Feudal Age
10:46 Double-Bit Axe
18:25 Castle Age
19:30 Stone Mining
19:33 Gold Mining
28:28 Wheelbarrow
29:21 Kshatriyas
30:58 Hand Cart
32:30 Gold Shaft Mining
31:49 Stone Mining
32:30 Bloodlines
32:27 Husbandry
32:20 Horse Collar
32:58 Heated Shot
33:28 Ballistics
36:34 Imperial Age
34:48 Forging
34:39 Scale Mail Armor
34:46 Scale Barding Armor
34:57 Bow Saw
38:23 Chemistry
36:47 Elite Shrivamsha Rider
36:50 Heavy Camel Rider
38:17 Frontier Guards
38:00 Elite Chakram Thrower
41:48 Iron Casting
41:28 Chain Mail Armor
42:05 Chain Barding Armor
43:08 Coinage
43:50 Plate Mail Armor
44:01 Conscription
44:33 Banking
44:56 Plate Barding Armor
43:55 Light Cavalry
45:38 Caravan
48:38 Murder Holes
49:24 Hoardings
57:07 Medium Warships
56:18 Demolition Ship
57:38 Heavy Demolition Ship
58:47 Heavy Warships
MHPL
0:45 Loom
14:15 Feudal Age
15:49 Arson
28:06 Castle Age
28:29 Horse Collar
28:35 Double-Bit Axe
28:47 Gold Mining
28:47 Stone Mining
35:29 Imperial Age
33:35 Wheelbarrow
32:45 Town Watch
35:21 Pikeman
36:02 Squires
38:25 Hand Cart
38:10 Town Patrol
40:37 Caravan
41:07 Coinage
41:14 Coinage
41:04 Forging
40:54 Scale Mail Armor
40:59 Scale Barding Armor
41:29 Stirrups
41:55 Conscription
45:24 Heavy Plow
46:05 Gold Shaft Mining
46:05 Stone Shaft Mining
45:45 Bow Saw
46:13 Iron Casting
45:38 Scale Mail Armor
45:43 Scale Barding Armor
45:29 Fletching
45:39 Padded Archer Armor
45:41 Bagains
45:03 Elite Konnik
45:09 Elite Konnik
46:46 Crop Rotation
48:10 Blast Furnace
47:25 Chain Mail Armor
47:30 Chain Barding Armor
47:15 Squires
47:02 Halberdier
47:48 Husbandry
47:58 Bloodlines
48:20 Thumb Ring
47:35 Elite Skirmisher
MARGONIO
0:57 Loom
11:28 Feudal Age
12:46 Wheelbarrow
16:34 Double-Bit Axe
20:21 Horse Collar
22:12 Scale Mail Armor
22:01 Arson
21:37 Man-at-Arms
23:37 Forging
23:19 Fletching
23:29 Padded Archer Armor
27:11 Castle Age
27:18 Pikeman
28:02 Squires
27:24 Long Swordsman
29:33 Demolition Ship
30:59 Bow Saw
32:41 Chain Mail Armor
32:23 Bodkin Arrow
33:04 Iron Casting
33:37 Stone Mining
33:42 Gold Mining
34:02 Heavy Plow
33:52 Gambesons
36:04 Caravan
37:57 Stone Shaft Mining
38:32 Leather Archer Armor
40:59 Hand Cart
42:34 Inquisition
42:06 Elite Skirmisher
42:52 Thumb Ring
47:11 Imperial Age
48:27 Plate Mail Armor
48:59 Blast Furnace
48:00 Bracer
48:31 Ring Archer Armor
47:25 Halberdier
47:26 Two-Handed Swordsman
49:10 Heavy Mounted Crossbowman
51:23 Ballistics
51:15 Masonry
jhonskull87
11:48 Loom
14:30 Feudal Age
16:28 Double-Bit Axe
16:26 Horse Collar
29:20 Forging
29:17 Scale Barding Armor
31:21 Padded Archer Armor
32:38 Stone Mining
36:06 Castle Age
34:58 Gold Mining
35:07 Fletching
38:52 Wheelbarrow
38:47 Bow Saw
42:52 Stone Shaft Mining
42:23 Murder Holes
42:40 Pikeman
43:21 Squires
43:06 Gambesons
44:44 Iron Casting
44:05 Bodkin Arrow
44:25 Leather Archer Armor
45:40 Gold Shaft Mining
46:02 Hand Cart
48:33 Imperial Age
49:44 Elite Skirmisher
50:30 Thumb Ring
Govekin
15:57 Feudal Age
14:13 Loom
17:13 Double-Bit Axe
25:12 Castle Age
25:16 Scale Mail Armor
26:23 Pikeman
31:32 Bow Saw
32:00 Wheelbarrow
35:31 Horse Collar
37:03 Forging
36:59 Scale Barding Armor
36:59 Padded Archer Armor
38:22 Squires
38:08 Gambesons
40:36 Masonry
40:23 Murder Holes
41:25 Caravan
41:50 Elite Skirmisher
43:58 Bloodlines
43:48 Husbandry
46:14 Iron Casting
45:56 Leather Archer Armor
45:45 Guard Tower
47:02 Hand Cart
56:58 Light Cavalry
59:14 Fishing Lines
LordRD
4:59 Double-Bit Axe
6:43 Wheelbarrow
14:06 Feudal Age
12:36 Fishing Lines
14:39 Horse Collar
15:44 Bow Saw
15:27 Town Watch
18:20 Heavy Plow
18:40 Hand Cart
18:25 Stone Mining
18:45 Gold Mining
26:37 Castle Age
25:07 Gillnets
29:51 Crop Rotation
30:26 Two-Man Saw
32:15 Burgundian Vineyards
37:00 Husbandry
36:24 Cavalier
37:21 Murder Holes
37:06 Treadmill Crane
37:46 Clinker Construction
39:29 Gold Shaft Mining
39:36 Stone Shaft Mining
43:33 Imperial Age
45:09 Conscription
47:19 Chemistry
46:45 Ballistics
47:55 Elite Cannon Galleon
48:08 Elite Coustillier
48:55 Paladin
Connection lost

Rejoining the realm…

Still unreachable

The connection could not be restored.

Session expired

The server has moved on; the page needs a fresh start.